[Event "Team 45 45 League T43"]
[Site "Internet Chess Club"]
[Date "2009.11.13"]
[Round "3"]
[White "Magagna"]
[Black "MeoPatacca"]
[Result "0-1"]
[WhiteElo "1772"]
[BlackElo "1863"]
[Opening "QGD: Cambridge Springs defense, Capablanca variation"]
[ECO "D52"]
[Time "17:00:14"]
[TimeControl "2700+45"]

1. d4 d5 2. c4 e6 3. Nc3 Nf6 4. Bg5 Nbd7 5. e3 c6 6. Nf3 Qa5 7. Bxf6 Nxf6 8. Qc2
Bd6 9. c5 Bb8 10. a3 O-O 11. Bd3 h6 12. O-O Nd7 13. Rfe1 e5 14. b4 Qd8 15. dxe5
Nxe5 16. Nxe5 Bxe5 17. f4 Bc7 18. Qf2 Qf6 19. Ne2 Bf5 20. Bxf5 Qxf5 21. Nd4 Qf6
22. Rad1 Rfe8 23. g4 Re4 24. Nf5 Rae8 25. h4 Qc3 26. g5 h5 27. Rc1 Qxa3 28. Ra1
Qxb4 29. Reb1 Qxc5 30. Rxb7 Bb6 31. Qf3 Rxe3 32. Qxh5 Re1+ 33. Kg2 Qf2+ 34. Kh3
Qf1+ 35. Kg3 Bf2+ 36. Kg4 Qe2+ 37. Kh3 Qxh5 38. Rxe1 Bxe1 39. g6 Qxf5+ 40. Kg2
Qxg6+ 41. Kf1 Qd3+ 42. Kg2 Qg3+ 43. Kh1 Bf2 {White resigns} 0-1

[Event "Team 45 45 League T43"]
[Site "Internet Chess Club"]
[Date "2009.11.15"]
[Round "3"]
[White "ILRE"]
[Black "jacknor"]
[Result "1/2-1/2"]
[WhiteElo "1630"]
[BlackElo "1584"]
[Opening "Sicilian: closed"]
[ECO "B24"]
[Time "10:00:20"]
[TimeControl "2700+45"]

1. e4 c5 2. Nc3 g6 3. g3 Bg7 4. Bg2 Nc6 5. d3 Nf6 6. f4 e6 7. Nf3 O-O 8. O-O d5
9. e5 Nd7 10. d4 cxd4 11. Nxd4 Nxd4 12. Qxd4 Qb6 13. Qxb6 Nxb6 14. b3 Bd7 15.
Bb2 Rfc8 16. Rac1 Rc7 17. Nd1 Rac8 18. c4 dxc4 19. bxc4 Bc6 20. Bxc6 Rxc6 21.
Ne3 Bf8 22. Ng4 Nxc4 23. Bd4 a6 24. h4 b5 25. Rcd1 Bc5 26. Bxc5 Rxc5 27. Rd7
R5c7 28. Rfd1 Nb6 29. Rxc7 Rxc7 30. Rd6 Rb7 31. Rd8+ Kg7 32. Nf6 h5 33. Rg8+ Kh6
34. Rh8+ Kg7 {Game drawn by mutual agreement} 1/2-1/2

[Event "Team 45 45 League T43"]
[Site "Internet Chess Club"]
[Date "2009.11.14"]
[Round "3"]
[White "Ernie1"]
[Black "blizzard13"]
[Result "1-0"]
[WhiteElo "1588"]
[BlackElo "1478"]
[Opening "Torre attack (Tartakower variation)"]
[ECO "D03"]
[Time "09:00:30"]
[TimeControl "2700+45"]

1. d4 d5 2. Nf3 Nf6 3. Bg5 Ne4 4. Bh4 c5 5. e3 Bg4 6. Bb5+ Nc6 7. dxc5 Qa5+ 8.
Nc3 Nxc3 9. Bxc6+ bxc6 10. Qd2 Rb8 11. Qxc3 Qxc3+ 12. bxc3 Rb2 13. Kd2 e6 14.
Rhb1 Rb5 15. a4 Rxc5 16. Rb8+ Kd7 17. Ne5+ Kc7 18. Rab1 Rb5 19. axb5 Kxb8 20.
bxc6+ Kc8 21. Nxg4 Bc5 22. Rb7 f5 23. Bg3 Bb6 24. Rb8# {Black checkmated} 1-0

[Event "Team 45 45 League T43"]
[Site "Internet Chess Club"]
[Date "2009.11.15"]
[Round "3"]
[White "charles-allen"]
[Black "SneakyRed"]
[Result "1/2-1/2"]
[WhiteElo "1865"]
[BlackElo "1824"]
[Opening "Caro-Kann: anti-anti-Caro-Kann defense"]
[ECO "B10"]
[Time "10:02:03"]
[TimeControl "2700+45"]

1. e4 c6 2. c4 d5 3. cxd5 cxd5 4. exd5 Nf6 5. Nc3 Nxd5 6. Nf3 Nxc3 7. bxc3 Qc7
8. Ba3 Bg4 9. Qa4+ Bd7 10. Bb5 Bxb5 11. Qxb5+ Qc6 12. Qe2 Qa6 13. Bc5 Qxe2+ 14.
Kxe2 b6 15. Be3 e6 16. Nd4 a6 17. a4 Bd6 18. c4 O-O 19. a5 bxa5 20. Rxa5 Rc8 21.
Rc1 Nc6 22. Nxc6 Rxc6 23. d4 Bb4 24. Ra4 a5 25. c5 Rd8 26. Rc4 f6 27. f4 Rd5 28.
Bd2 e5 29. Bxb4 axb4 30. fxe5 fxe5 31. Rcxb4 exd4 32. Rxd4 Rxd4 33. Rxd4 {Game
drawn by mutual agreement} 1/2-1/2

[Event "Team 45 45 League T43"]
[Site "Internet Chess Club"]
[Date "2009.11.13"]
[Round "3"]
[White "Giacometti"]
[Black "MidasMulligan"]
[Result "0-1"]
[WhiteElo "1790"]
[BlackElo "1665"]
[Opening "Bird: From gambit"]
[ECO "A02"]
[Time "19:30:21"]
[TimeControl "2700+45"]

1. f4 e5 2. fxe5 d6 3. exd6 Bxd6 4. Nf3 Nf6 5. d4 Ng4 6. Qd3 c5 7. Qe4+ Be6 8.
Ng5 Bxh2 9. Nxe6 Qh4+ 10. Kd2 fxe6 11. Qxe6+ Kd8 12. Rxh2 Nxh2 13. Qd6+ Nd7 14.
dxc5 Nxf1+ 15. Kd1 Qe7 16. Qd5 Ne3+ 17. Bxe3 Qxe3 18. Qxb7 Rc8 19. c6 Qd4+ 20.
Kc1 Rf8 21. Nd2 Qg1+ {White resigns} 0-1

[Event "Team 45 45 League T43"]
[Site "Internet Chess Club"]
[Date "2009.11.15"]
[Round "3"]
[White "Portola"]
[Black "Duguesclin"]
[Result "0-1"]
[WhiteElo "1773"]
[BlackElo "1724"]
[Opening "Queen's pawn: Torre attack"]
[ECO "A46"]
[Time "12:30:18"]
[TimeControl "2700+45"]

1. d4 Nf6 2. Nf3 e6 3. Bg5 Be7 4. Nbd2 d5 5. e3 O-O 6. Bd3 h6 7. Bh4 Nbd7 8. c3
c5 9. h3 b6 10. Bg3 Bb7 11. O-O Ne4 12. Bh2 f5 13. Be2 g5 14. Nxe4 dxe4 15. Ne5
Nxe5 16. Bxe5 Bd6 17. Bh5 Qc7 18. Bxd6 Qxd6 19. Be2 Rad8 20. Qe1 e5 21. dxe5
Qxe5 22. Rd1 f4 23. Bc4+ Kg7 24. Rd2 Qf5 25. Qd1 Rxd2 26. Qxd2 Bc8 27. Qd6 f3
28. Qe7+ Kg6 29. g4 Qf6 30. Qxe4+ Kg7 31. Bd3 Rh8 32. Bc2 h5 33. Bd1 hxg4 34.
hxg4 Qd6 {White resigns} 0-1

[Event "Team 45 45 League T43"]
[Site "Internet Chess Club"]
[Date "2009.11.15"]
[Round "3"]
[White "bondguy01"]
[Black "BraafPaard"]
[Result "1-0"]
[WhiteElo "1688"]
[BlackElo "1565"]
[Opening "English: Neo-Catalan accepted"]
[ECO "A13"]
[Time "10:00:23"]
[TimeControl "2700+45"]

1. c4 Nf6 2. g3 e6 3. Bg2 d5 4. Nf3 dxc4 5. O-O Bd6 6. Qa4+ Bd7 7. Qxc4 Nc6 8.
d4 h6 9. Nc3 O-O 10. e4 e5 11. dxe5 Bxe5 12. Nxe5 Nxe5 13. Qe2 Re8 14. Bf4 c6
15. Rfd1 Qa5 16. a3 b5 17. Be3 Rac8 18. Bc5 Be6 19. Qc2 Qa6 20. h3 Nfd7 21. Be3
Nc4 22. Bc1 Qb6 23. b3 Nce5 24. Be3 Qc7 25. Ne2 Nf8 26. Nf4 Bd7 27. Nd3 Nxd3 28.
Rxd3 c5 29. Bf4 Qb6 30. Rd6 Rc6 31. Rad1 Be6 32. e5 Rxd6 33. Rxd6 Qa5 34. Qb2 c4
35. bxc4 Bxc4 36. Bd2 Qc7 37. a4 Qb8 38. axb5 Qxb5 39. Qd4 Rxe5 40. Be3 a6 41.
Rxa6 Rxe3 42. Rb6 Re1+ 43. Kh2 Qa5 44. Rb8 Be6 45. Qd6 Qf5 46. Rxf8+ Kh7 47. g4
Qxf2 48. Qd3+ g6 49. Qc3 Rh1+ 50. Kxh1 {Black resigns} 1-0

[Event "Team 45 45 League T43"]
[Site "Internet Chess Club"]
[Date "2009.11.11"]
[Round "3"]
[White "chsrules88"]
[Black "vazir"]
[Result "1-0"]
[WhiteElo "2044"]
[BlackElo "1890"]
[Opening "Vienna game"]
[ECO "C26"]
[Time "15:07:32"]
[TimeControl "2700+45"]

1. e4 e5 2. Nc3 Nf6 3. Bc4 c6 4. d4 b5 5. dxe5 b4 6. exf6 bxc3 7. bxc3 Qxf6 8.
Qd4 Qg6 9. g3 Be7 10. Nf3 Na6 11. Ne5 Bc5 12. Nxg6 Bxd4 13. Bxf7+ Kd8 14. cxd4
hxg6 15. Bxg6 Nb4 16. e5 Ba6 17. Bd2 Nd5 18. Be4 Rb8 19. Bxd5 cxd5 20. Ba5+ Ke7
21. Kd2 Bc4 22. h4 a6 23. a4 g6 24. Rab1 Ke6 25. Rb6+ Rxb6 26. Bxb6 Kf5 27. f3
g5 28. Ke3 g4 29. Rh2 Rh7 30. Rf2 gxf3 31. Kxf3 Rg7 32. Bd8 Ke6 33. g4 d6 34.
Kg3 dxe5 35. dxe5 Rd7 36. Bf6 d4 37. g5 d3 38. cxd3 Rxd3+ 39. Rf3 Rxf3+ 40. Kxf3
Kf5 41. Ke3 Bb3 42. a5 Bf7 43. Kd4 Kg6 44. Kc5 Bg8 45. Kd6 Kh7 46. e6 Kg6 47.
Kd7 Kh7 48. e7 Bd5 49. g6+ Kh6 50. e8=Q Bc6+ 51. Kxc6 Kh5 52. g7+ Kh6 53. g8=N+
{Black resigns} 1-0

[Event "Team 45 45 League T43"]
[Site "Internet Chess Club"]
[Date "2009.11.14"]
[Round "3"]
[White "vasek"]
[Black "mcplayerus"]
[Result "0-1"]
[WhiteElo "1855"]
[BlackElo "2111"]
[Opening "Sicilian: Alapin's variation (2.c3)"]
[ECO "B22"]
[Time "13:03:19"]
[TimeControl "2700+45"]

1. e4 c5 2. c3 d5 3. exd5 Qxd5 4. d4 Nf6 5. Nf3 Bg4 6. Be2 e6 7. O-O Nc6 8. Be3
cxd4 9. cxd4 Bb4 10. a3 Ba5 11. h3 Bh5 12. b4 Bb6 13. Nc3 Qd6 14. Qd2 Bxf3 15.
Bxf3 Rd8 16. Nb5 Qd7 17. Rfd1 O-O 18. Bxc6 bxc6 19. Nc3 Qd6 20. Ne2 Nd5 21. Rac1
Rd7 22. Qc2 Bc7 23. Qxc6 Qh2+ 24. Kf1 Rfd8 25. Ng1 h6 26. Rd3 Qh1 27. g3 Qe4 28.
Ke2 Bxg3 29. fxg3 Rd6 30. Qb7 Nf4+ 31. gxf4 Qxb7 32. Nf3 Rc6 {White resigns} 0-1

[Event "Team 45 45 League T43"]
[Site "Internet Chess Club"]
[Date "2009.11.14"]
[Round "3"]
[White "AronT"]
[Black "avila"]
[Result "1-0"]
[WhiteElo "1924"]
[BlackElo "1795"]
[Opening "QGD Slav defense: exchange variation"]
[ECO "D10"]
[Time "19:39:27"]
[TimeControl "2700+45"]

1. d4 d5 2. c4 c6 3. cxd5 cxd5 4. Nc3 Nc6 5. Nf3 e6 6. Bf4 Nf6 7. e3 Bb4 8. Bd3
O-O 9. O-O Bd7 10. Rc1 a6 11. a3 Be7 12. b4 b5 13. Nd2 Rc8 14. Nb3 Be8 15. Nc5
Qb6 16. Rb1 Nb8 17. Qe2 Bc6 18. Rfc1 Nbd7 19. h3 Nxc5 20. dxc5 Qb7 21. a4 Ne4
22. axb5 Nxc3 23. Rxc3 Bxb5 24. Bxb5 axb5 25. Ra3 Ra8 26. Rba1 Rxa3 27. Rxa3 Bf6
28. Bd6 Ra8 29. Rxa8+ Qxa8 30. Qxb5 Qa1+ 31. Kh2 h5 32. Qe8+ Kh7 33. Qxf7 h4 34.
Qh5+ Kg8 35. Qe8+ Kh7 36. Qxe6 Qb2 37. Qf5+ Kg8 38. Qxd5+ Kh7 39. Qe4+ Kg8 40.
c6 Qxf2 41. c7 Be7 42. c8=Q+ Kf7 43. Qxe7+ Kg6 44. Qce6+ Kh7 45. Qe4+ Kh6 46.
Bf4+ {Black resigns} 1-0

[Event "Team 45 45 League T43"]
[Site "Internet Chess Club"]
[Date "2009.11.15"]
[Round "3"]
[White "soccerisfun"]
[Black "Goli"]
[Result "0-1"]
[WhiteElo "1522"]
[BlackElo "1798"]
[Opening "Robatsch (modern) defense"]
[ECO "B06"]
[Time "13:00:19"]
[TimeControl "2700+45"]

1. e4 g6 2. d4 Bg7 3. Be3 d6 4. Nc3 Nf6 5. Qd2 O-O 6. f3 e5 7. d5 c6 8. g4 cxd5
9. exd5 a6 10. Bh6 Qe7 11. O-O-O Nbd7 12. h4 Nc5 13. Bxg7 Kxg7 14. Bd3 Nxd3+ 15.
Qxd3 Bd7 16. h5 Rac8 17. hxg6 fxg6 18. Nh3 Rc5 19. Rh2 b5 20. a3 a5 21. b4 axb4
22. axb4 Rc4 23. Na2 Rd4 24. Qb3 Rxd1+ 25. Kxd1 Rc8 26. c3 Rc4 27. Rd2 Nxg4 28.
Ng1 Ne3+ 29. Ke2 Qg5 30. Qb1 Bf5 31. Qe1 Ng2 32. Qf2 Nf4+ 33. Kd1 Qe7 34. Ne2
Nxe2 35. Rxe2 Bb1 36. Qe3 Qc7 37. Ke1 Bxa2 38. Rxa2 Rxc3 39. Qe4 Rc1+ 40. Kf2
Qb6+ 41. Kg3 Rg1+ 42. Kh2 Rg5 43. Rg2 Rxg2+ 44. Kxg2 Qd4 {White resigns} 0-1

[Event "Team 45 45 League T43"]
[Site "Internet Chess Club"]
[Date "2009.11.15"]
[Round "3"]
[White "pebble767"]
[Black "eurander"]
[Result "1-0"]
[WhiteElo "2031"]
[BlackElo "2219"]
[Opening "QGD semi-Slav"]
[ECO "D43"]
[Time "15:30:44"]
[TimeControl "2700+45"]

1. d4 d5 2. c4 c6 3. Nc3 Nf6 4. Nf3 e6 5. Bg5 h6 6. Bh4 dxc4 7. e4 g5 8. Bg3 b5
9. Be2 Nbd7 10. d5 cxd5 11. exd5 Nc5 12. O-O a6 13. Re1 Bb7 14. b4 cxb3 15. Nxb5
Nxd5 16. Qd4 Rg8 17. Rad1 Be7 18. Nc3 bxa2 19. Ne5 Qa5 20. Nxd5 Bxd5 21. Bh5 Nb3
22. Bxf7+ Kf8 23. Qb2 Rg7 24. Bh5 a1=Q 25. Rxa1 Nxa1 26. Rxa1 Qb4 27. Nd7+ Kg8
28. Nf6+ Kh8 29. Qe5 Bxf6 30. Qxf6 Kh7 31. Be5 Qe7 32. Bg6+ Kh8 33. Qxe7 {Black
resigns} 1-0

[Event "Team 45 45 League T43"]
[Site "Internet Chess Club"]
[Date "2009.11.16"]
[Round "3"]
[White "pestka"]
[Black "Chessrascal"]
[Result "1-0"]
[WhiteElo "2246"]
[BlackElo "2114"]
[Opening "Réti opening"]
[ECO "A30"]
[Time "15:31:05"]
[TimeControl "2700+45"]

1. Nf3 c5 2. c4 Nc6 3. d4 cxd4 4. Nxd4 Nf6 5. Nc3 g6 6. e4 d6 7. Be2 Bg7 8. Be3
O-O 9. O-O Ne5 10. f3 Bd7 11. Qd2 Rc8 12. b3 a6 13. Rac1 Nc6 14. Rfd1 Qa5 15.
Nxc6 Bxc6 16. Nd5 Qd8 17. Nb6 Rb8 18. c5 dxc5 19. Qxd8 Rfxd8 20. Bxc5 Rxd1+ 21.
Rxd1 Kf8 22. Bc4 Ke8 23. b4 e6 24. Be2 Rd8 25. Rxd8+ Kxd8 26. Kf2 Nd7 27. Nxd7
Kxd7 28. Ke3 f5 29. Bc4 Bh6+ 30. Kd3 Bf4 31. g3 Bd6 32. Bxd6 Kxd6 33. exf5 gxf5
34. f4 Bd5 35. Kd4 Bc6 36. Be2 h6 37. a3 Bd5 38. a4 Bb3 39. Bf3 Bxa4 40. Bxb7
Bb5 41. Bf3 Bf1 42. Bd1 Bb5 43. Bh5 Bc6 44. Be2 Bb5 45. Bxb5 axb5 46. h3 Kc6 47.
Ke5 Kd7 48. h4 Ke7 49. h5 Kf7 50. Kd6 Kf6 51. Kc5 e5 52. Kxb5 e4 53. Kc4 Ke6 54.
Kd4 Kd6 55. g4 Ke6 56. g5 hxg5 57. fxg5 Ke7 58. b5 Kd6 59. h6 {Black resigns}
1-0

[Event "Team 45 45 League T43"]
[Site "Internet Chess Club"]
[Date "2009.11.16"]
[Round "3"]
[White "Dan777"]
[Black "awb"]
[Result "1/2-1/2"]
[WhiteElo "1849"]
[BlackElo "1736"]
[Opening "Trompowsky attack (Ruth, Opocenský opening)"]
[ECO "A45"]
[Time "21:00:15"]
[TimeControl "2700+45"]

1. d4 Nf6 2. Bg5 e6 3. e4 d5 4. e5 h6 5. Be3 Nfd7 6. Nf3 c5 7. c3 Nc6 8. Bd3 Qb6
9. b3 cxd4 10. cxd4 Bb4+ 11. Nbd2 a5 12. O-O Qd8 13. a3 Be7 14. Qc2 Ndb8 15. h3
Bd7 16. Qb2 Na7 17. Rac1 Bb5 18. Ne1 Bxd3 19. Nxd3 Nb5 20. Nc5 b6 21. a4 Na7 22.
Nd3 Nac6 23. Rc2 O-O 24. Rfc1 Qd7 25. Nb1 Rc8 26. Na3 Na6 27. Bd2 Bxa3 {Game
drawn by mutual agreement} 1/2-1/2

[Event "Team 45 45 League T43"]
[Site "Internet Chess Club"]
[Date "2009.11.14"]
[Round "3"]
[White "tourettes"]
[Black "penguinmasta"]
[Result "1-0"]
[WhiteElo "1630"]
[BlackElo "1593"]
[Opening "Sicilian: closed, Korchnoi variation"]
[ECO "B23"]
[Time "10:00:14"]
[TimeControl "2700+45"]

1. e4 c5 2. Nc3 e6 3. g3 d5 4. exd5 exd5 5. Bg2 Nf6 6. d3 Be7 7. Nge2 d4 8. Ne4
Nxe4 9. Bxe4 Nd7 10. O-O O-O 11. Nf4 Nf6 12. Bg2 Bg4 13. Qd2 Qd7 14. Re1 Rfe8
15. b3 Rac8 16. Bb2 Bd6 17. a4 Bxf4 18. Qxf4 Bh3 19. c3 Bxg2 20. Kxg2 Qd5+ 21.
Qf3 Qxb3 22. Reb1 dxc3 23. Bc1 Qd5 24. Rxb7 a6 25. Rab1 Qxf3+ 26. Kxf3 Nd5 27.
Ba3 h6 28. Rc1 Red8 29. Ke2 Rc6 30. Rbb1 c4 31. d4 Nb6 32. a5 Re6+ 33. Kf1 Nd5
34. Bc5 Rf6 35. Rb7 Re8 36. h3 c2 37. Rd7 Ne3+ 38. Kg1 Nf5 39. Rxc2 Re1+ 40. Kg2
Rg6 41. Kh2 h5 42. Rxc4 Re2 43. d5 Nxg3 44. Rc1 Ne4 45. Re7 f5 46. d6 Rd2 47. d7
Kh7 48. Be3 Rd3 49. Rc8 Ng5 50. Bxg5 Rxg5 51. d8=Q Rxd8 52. Rxd8 f4 53. Rf7 Rxa5
54. Rxf4 Ra2 55. Ra8 Kg6 56. h4 a5 57. Ra6+ Kh7 58. Kg3 Ra3+ 59. f3 Ra1 60. Rf5
a4 61. Rxh5+ Kg8 62. Rha5 Rg1+ 63. Kf2 Rh1 64. Rxa4 Rb1 65. Ra7 Rb2+ 66. Kg3 Rb3
67. Rc4 Rb1 68. Rcc7 Rg1+ 69. Kf2 Rg6 70. f4 Rg4 71. Kf3 Rxh4 72. Rxg7+ Kf8 73.
Rgb7 Rh3+ 74. Kg4 Re3 75. f5 Re8 76. f6 Rc8 77. Rf7+ Kg8 78. Rg7+ Kf8 79. Raf7+
Ke8 80. Re7+ Kf8 81. Rh7 Rc4+ 82. Kf5 Kg8 83. Rhg7+ Kf8 84. Rb7 Rc8 85. Kg6 Ra8
86. Kh7 Rc8 87. Rg8# {Black checkmated} 1-0

[Event "Team 45 45 League T43"]
[Site "Internet Chess Club"]
[Date "2009.11.15"]
[Round "3"]
[White "freestyle"]
[Black "eurander"]
[Result "0-1"]
[WhiteElo "2322"]
[BlackElo "2241"]
[Opening "Caro-Kann: Panov-Botvinnik, normal variation"]
[ECO "B13"]
[Time "17:02:17"]
[TimeControl "2700+45"]

1. e4 c6 2. d4 d5 3. exd5 cxd5 4. c4 Nf6 5. Nc3 Nc6 6. Bg5 e6 7. Nf3 Be7 8. c5
O-O 9. Bb5 Ne4 10. Bxe7 Nxe7 11. Rc1 Bd7 12. Bd3 f5 13. O-O Nc6 14. Re1 Be8 15.
Qb3 Qf6 16. Rcd1 Rb8 17. Be2 Bh5 18. Qa4 g5 19. Nd2 Bxe2 20. Nxe2 g4 21. Nf4 Qh6
22. g3 Qf6 23. Nb3 Ng5 24. Kg2 Rbe8 25. Re3 Nh3 26. Nxh3 gxh3+ 27. Kxh3 f4 28.
Rf3 Qh6+ 29. Kg2 fxg3 30. Rxf8+ Rxf8 31. hxg3 Qh5 32. Nd2 Qe2 33. Nf1 Qxf2+ 34.
Kh3 Rf6 35. Qb3 Rh6+ 36. Kg4 Qf5# {White checkmated} 0-1

[Event "Team 45 45 League T43"]
[Site "Internet Chess Club"]
[Date "2009.11.16"]
[Round "3"]
[White "NFork"]
[Black "egyptiantiger"]
[Result "0-1"]
[WhiteElo "2195"]
[BlackElo "2199"]
[Opening "Sicilian: Najdorf, Lipnitzky attack"]
[ECO "B86"]
[Time "06:00:17"]
[TimeControl "2700+45"]

1. e4 c5 2. Nf3 d6 3. d4 cxd4 4. Nxd4 Nf6 5. Nc3 a6 6. Bc4 e6 7. Bb3 Be7 8. O-O
O-O 9. f4 Qc7 10. Kh1 b5 11. e5 dxe5 12. fxe5 Qxe5 13. Bf4 Qh5 14. Qe1 Bc5 15.
Rd1 Bb7 16. Qg3 b4 17. Na4 Ne4 18. Qe1 Ba7 19. Bc7 Nd7 20. Nf3 Ndf6 21. Nb6 Ng4
22. h3 Rac8 23. Nxc8 Nef2+ 24. Rxf2 Nxf2+ 25. Kh2 Ng4+ 26. Kg3 Bf2+ 27. Qxf2
Nxf2 28. Ne7+ Kh8 29. Kxf2 Qc5+ {White resigns} 0-1

[Event "Team 45 45 League T43"]
[Site "Internet Chess Club"]
[Date "2009.11.16"]
[Round "3"]
[White "Zornorph"]
[Black "pentti63"]
[Result "1/2-1/2"]
[WhiteElo "2084"]
[BlackElo "2243"]
[Opening "English: Mikenas-Carls, Flohr variation"]
[ECO "A18"]
[Time "14:00:24"]
[TimeControl "2700+45"]

1. c4 Nf6 2. Nc3 e6 3. e4 d5 4. e5 d4 5. exf6 dxc3 6. bxc3 Qxf6 7. d4 e5 8. Nf3
exd4 9. Bg5 Qe6+ 10. Be2 Be7 11. Bxe7 Qxe7 12. cxd4 O-O 13. O-O Bg4 14. Re1 Nd7
15. Qb3 b6 16. Qb5 Qd6 17. h3 c6 18. Qg5 Bxf3 19. Bxf3 Rfe8 20. c5 bxc5 21. dxc5
Rxe1+ 22. Rxe1 Nxc5 23. Rd1 Qf8 24. Bxc6 Rc8 25. Bd5 Qe8 26. Qh4 Ne6 27. Bxe6
fxe6 28. Qg5 h6 29. Qh4 Qf7 30. Rd8+ Rxd8 31. Qxd8+ Kh7 32. a4 Qf4 33. Qd3+ Kh8
34. Qd8+ Kh7 35. Qd3+ Kh8 36. Qc2 e5 37. g3 Qd4 {Game drawn by mutual agreement}
1/2-1/2

[Event "Team 45 45 League T43"]
[Site "Internet Chess Club"]
[Date "2009.11.14"]
[Round "3"]
[White "ChatBanned"]
[Black "Thenazgul"]
[Result "0-1"]
[WhiteElo "2306"]
[BlackElo "2168"]
[Opening "Nimzo-Indian: classical, 4...Nc6"]
[ECO "E33"]
[Time "01:04:20"]
[TimeControl "2700+45"]

1. d4 Nf6 2. c4 e6 3. Nc3 Bb4 4. Qc2 Nc6 5. e3 O-O 6. Bd2 b6 7. a3 Bxc3 8. Bxc3
Bb7 9. Bd3 Nb4 10. Bxb4 Bxg2 11. Bxf8 Qxf8 12. f3 Bxh1 13. Qf2 d5 14. Ne2 c5 15.
Ng3 cxd4 16. Nxh1 dxc4 17. Bxc4 Qc5 18. Bd3 dxe3 19. Qc2 Qd5 20. Be4 Nxe4 21.
fxe4 Qa5+ 22. b4 Qe5 23. Rc1 f5 24. exf5 exf5 25. Qc4+ Kf8 26. Qd3 f4 27. Qxh7
Re8 28. Ke2 Qb5+ 29. Kf3 Qd5+ 30. Kxf4 e2 31. Qh8+ Kf7 32. Rc7+ Re7 33. Rxe7+
Kxe7 {White resigns} 0-1

[Event "Team 45 45 League T43"]
[Site "Internet Chess Club"]
[Date "2009.11.15"]
[Round "3"]
[White "noHz"]
[Black "TimM"]
[Result "0-1"]
[WhiteElo "2136"]
[BlackElo "2259"]
[Opening "Grünfeld: modern exchange variation"]
[ECO "D85"]
[Time "14:08:23"]
[TimeControl "2700+45"]

1. d4 Nf6 2. c4 g6 3. Nc3 d5 4. cxd5 Nxd5 5. e4 Nxc3 6. bxc3 Bg7 7. Nf3 c5 8.
Rb1 O-O 9. Be2 cxd4 10. cxd4 Qa5+ 11. Bd2 Qxa2 12. O-O Bg4 13. Bg5 h6 14. Be3
Nc6 15. h3 Bxf3 16. Bxf3 Bxd4 17. Bxd4 Rfd8 18. Rxb7 Rxd4 19. Qc1 Qe6 20. Qxh6
Ne5 21. Rc1 Nxf3+ 22. gxf3 Rd7 23. Rxd7 Qxd7 24. h4 a5 25. Kg2 Qb5 26. Rh1 a4
27. h5 Ra5 28. f4 Qe2 29. e5 Qg4+ 30. Kh2 Qxh5+ 31. Qxh5 gxh5 32. Kg3 Kg7 33.
Rxh5 a3 34. Rh1 a2 35. Ra1 Kg6 36. Kg4 e6 37. f3 Ra4 38. Kg3 Kf5 39. Kf2 Kxf4
40. Ke2 Kxe5 41. Ke3 Ra3+ 42. Kf2 Kf4 43. Ke2 e5 {White resigns} 0-1

[Event "Team 45 45 League T43"]
[Site "Internet Chess Club"]
[Date "2009.11.13"]
[Round "3"]
[White "Oops"]
[Black "screamingeagle"]
[Result "1-0"]
[WhiteElo "2091"]
[BlackElo "2002"]
[Opening "QGD: Tarrasch, von Hennig-Schara gambit"]
[ECO "D32"]
[Time "20:00:37"]
[TimeControl "2700+45"]

1. d4 e6 2. c4 d5 3. Nc3 c5 4. cxd5 cxd4 5. Qa4+ Bd7 6. Qxd4 Na6 7. e4 Nb4 8.
Qd1 Qa5 9. Bd2 Nf6 10. a3 Na6 11. dxe6 Bxe6 12. Nd5 Qd8 13. Nxf6+ gxf6 14. Bb5+
Bd7 15. Bxd7+ Qxd7 16. Bc3 Qc6 17. Qd5 Qb6 18. Rd1 Be7 19. Qd7+ Kf8 20. Qf5 Rg8
21. Ne2 Rg7 22. O-O Kg8 23. e5 Rg5 24. Qd7 Bf8 25. exf6 Nc5 26. Qd4 Qc6 27. Ng3
Ne6 28. Qe4 Qc7 29. Rd5 Rg6 30. Rfd1 Bc5 31. Qh4 Qc6 32. Nf5 Re8 33. Nh6+ Kf8
34. Nxf7 Nd4 35. Qh5 b6 36. Bxd4 Bxd4 37. Nd8 Qc4 38. Rg5 Rxd8 39. Rxg6 Bxf2+
40. Kxf2 Qc2+ 41. Qe2 Qc5+ 42. Kf1 Rxd1+ 43. Qxd1 hxg6 44. Qd8+ Kf7 45. Qe7+
Qxe7 46. fxe7 Kxe7 47. Ke2 Ke6 48. Ke3 Ke5 49. h4 Kf5 50. Kf3 a6 51. g4+ Ke5 52.
h5 gxh5 53. gxh5 Kf5 54. h6 Kg6 55. Ke4 Kxh6 56. Kd5 Kg6 57. Kc6 b5 58. Kb6 b4
59. axb4 Kf6 60. Kxa6 Ke6 61. Kb7 Kd7 62. b5 Kd6 63. b6 Kc5 64. Kc7 {Black
resigns} 1-0

[Event "Team 45 45 League T43"]
[Site "Internet Chess Club"]
[Date "2009.11.17"]
[Round "3"]
[White "Uwak"]
[Black "Monsoon-Smith"]
[Result "1-0"]
[WhiteElo "2363"]
[BlackElo "2014"]
[Opening "Sicilian: Kan, 5.Nc3"]
[ECO "B43"]
[Time "21:02:17"]
[TimeControl "2700+45"]

1. e4 c5 2. Nf3 e6 3. d4 cxd4 4. Nxd4 a6 5. Nc3 Qc7 6. g3 b5 7. Bg2 Bb7 8. O-O
Bc5 9. Re1 Ne7 10. Nb3 Ba7 11. a4 bxa4 12. Rxa4 O-O 13. Bf4 e5 14. Be3 Bxe3 15.
Rxe3 d6 16. Na5 Nbc6 17. Nxb7 Qxb7 18. Nd5 Nd4 19. Nxe7+ Qxe7 20. c3 Ne6 21. b4
a5 22. Qa1 Qb7 23. Rxa5 Rxa5 24. Qxa5 Ra8 25. Qd5 Ra1+ 26. Bf1 Qb6 27. Kg2 Kf8
28. Rd3 Ke7 29. Rd1 Ra3 30. Qd2 Qc6 31. b5 Qc5 32. c4 f6 33. Rb1 Qb6 34. Qd5 Nc7
35. c5 dxc5 36. Qg8 Ne6 37. Bc4 Ra7 38. Bxe6 Qxe6 39. Qxg7+ Qf7 40. b6 Rb7 41.
Qxf7+ Kxf7 42. Kf3 Ke6 43. Ke3 Kd6 44. Kd3 Kc6 45. Kc4 Rxb6 46. Rxb6+ Kxb6 47.
f4 exf4 48. gxf4 Kc6 49. e5 fxe5 50. fxe5 h5 51. h4 Kd7 52. Kxc5 Ke7 53. Kd5 Kd7
54. e6+ Ke8 55. Ke5 Ke7 56. Kf5 {Black resigns} 1-0

[Event "Team 45 45 League T43"]
[Site "Internet Chess Club"]
[Date "2009.11.15"]
[Round "3"]
[White "Amauta"]
[Black "searchforbobby1"]
[Result "0-1"]
[WhiteElo "1897"]
[BlackElo "2238"]
[Opening "Sicilian defense"]
[ECO "B20"]
[Time "22:09:41"]
[TimeControl "2700+45"]

1. e4 c5 2. Bc4 Nc6 3. c3 Nf6 4. d3 e6 5. Bg5 Be7 6. Nf3 d5 7. exd5 exd5 8. Bb5
O-O 9. O-O Bg4 10. Nbd2 h6 11. Bxf6 Bxf6 12. Qc2 Ne5 13. Nxe5 Bxe5 14. f4 Bd6
15. c4 a6 16. Ba4 b5 17. Bb3 bxc4 18. dxc4 d4 19. Qd3 Qd7 20. Bc2 f5 21. h3 Bh5
22. Rae1 Rae8 23. g4 Bg6 24. Nf3 Bxf4 25. Nh4 Be3+ 26. Rxe3 Rxe3 27. Nxg6 Rxd3
28. Bxd3 Qd6 29. Bxf5 Qg3+ 30. Kh1 Qxh3+ 31. Kg1 Qg3+ 32. Kh1 Re8 33. Nf4 Re1
34. Rxe1 Qxe1+ 35. Kg2 Qd2+ {White resigns} 0-1

[Event "Team 45 45 League T43"]
[Site "Internet Chess Club"]
[Date "2009.11.14"]
[Round "3"]
[White "nardz"]
[Black "fledermaus"]
[Result "1-0"]
[WhiteElo "2073"]
[BlackElo "2051"]
[Opening "QGD: Orthodox defense, Rubinstein variation"]
[ECO "D61"]
[Time "10:08:02"]
[TimeControl "2700+45"]

1. d4 d5 2. c4 e6 3. Nc3 Be7 4. Nf3 Nf6 5. Bg5 Nbd7 6. e3 O-O 7. Qc2 c6 8. Bd3
dxc4 9. Bxc4 Nd5 10. Bxe7 Qxe7 11. O-O Nxc3 12. bxc3 Rd8 13. a4 b6 14. a5 b5 15.
Bd3 Nf8 16. Ne5 Qd6 17. Be4 Bd7 18. f4 Rac8 19. Nd3 Be8 20. Nc5 Qc7 21. f5 exf5
22. Bxf5 Ra8 23. Rf3 g6 24. Bd3 Nd7 25. Ne4 f5 26. Ng5 Nf8 27. e4 Qe7 28. Nh3
fxe4 29. Bxe4 Bf7 30. Bxc6 Rac8 31. Bxb5 Rxd4 32. Qf2 Rdd8 33. Re1 Qc7 34. c4
Ne6 35. Rf6 Rf8 36. Qh4 Ng7 37. Qg4 Qc5+ 38. Kh1 Nh5 39. Ra6 Bxc4 40. Bxc4+ Qxc4
41. Qxc4+ Rxc4 42. Rxa7 Ra4 43. Ng5 h6 44. Nf3 Rf7 45. Ra8+ Kg7 46. h3 Nf4 47.
Ree8 Ra1+ 48. Re1 Rxe1+ 49. Nxe1 Nxh3 50. Nf3 Nf2+ 51. Kh2 Ne4 52. a6 Kf6 53. a7
Nd6 54. Rd8 Rxa7 55. Rxd6+ Kg7 56. Ne5 g5 57. Rd7+ Rxd7 58. Nxd7 Kg6 59. Nc5 Kf5
60. Nd3 h5 61. Nc1 Kf4 62. Ne2+ Kg4 63. Nd4 Kh4 64. Nf5+ Kg4 65. Nh6+ Kf4 66.
Kh3 Ke5 67. Nf7+ Kf5 68. Nd6+ Ke5 69. Nc4+ Kd4 70. Nd2 Ke3 71. Nc4+ Kd4 72. Nd6
Ke5 73. Ne8 Kf5 74. g3 Kg6 75. Nd6 Kf6 76. Nc4 Kf5 77. Ne3+ Ke4 78. Ng4 Kf5 79.
Nh2 Ke4 80. Kg2 Kf5 81. Kh3 Ke4 82. Ng4 Kf5 83. Nf2 Ke5 84. Kg2 Kf5 85. Kf3 Ke5
86. Nd3+ Kd4 87. Nf4 gxf4 88. Kxf4 Kd5 89. Kg5 h4 90. gxh4 Ke6 91. Kg6 Ke7 92.
Kg7 {Black resigns} 1-0